Map: Catalyst LE

Players

Octopuskeepe

  • Race: Zerg Zerg
  • League: Silver
  • Spawn Location: 11:00

Infamous - Winner!

  • Race: Protoss Protoss
  • League: Silver
  • Spawn Location: 5:00

VOD

Have the link to the VOD?

Description

Time

  • Played on: March 29, 2018, 2:36 p.m.
  • Length: 7:48
Show
View Real Time Build Order
Export as new Build Order

Octopuskeepe Zerg 

Build Orders: Pool First 

Get SALT Encoding   

  12  0:04  Drone  
  13  0:13  Overlord  
  13  0:18  Drone  
  14  0:37  Spawning Pool  
  14  0:40  Drone  
  14  0:42  Drone  
  15  0:47  Drone  
  16  0:57  Drone  
  17  1:06  Drone  
  18  1:13  Extractor  
  18  1:14  Drone  
  18  1:29  Spine Crawler  
  17  1:35  Spine Crawler  
  17  1:38  Zergling x4  
  18  1:45  Drone  
  19  1:52  Queen  
  21  1:56  Overlord  
  21  2:15  Drone  
  22  2:19  Drone  
  23  2:35  Drone  
  24  2:39  Drone  
  25  2:49  Drone  
  26  3:03  Spore Crawler  
  25  3:06  Spore Crawler  
  25  3:07  Drone  
  25  3:08  Drone x2  
  27  3:13  Drone  
  28  3:23  Lair  
  28  3:25  Drone  
  29  3:42  Extractor  
  29  3:45  Drone x2  
  30  3:56  Extractor, Hatchery  
  30  3:58  Extractor  
  30  4:01  Zergling x4  
  29  4:07  Hatchery  
  28  4:14  Zergling x2  
  29  4:34  Hatchery  
  29  4:37  Zergling x2  
  29  4:38  Zergling x2  
  30  4:39  Overlord  
  30  4:48  Spire  
  29  4:55  Infestation Pit  
  28  5:13  Zergling x4  
  28  5:14  Zergling x2  
  31  5:17  Drone x2  
  31  5:18  Drone  
  34  5:30  Drone x2  
  36  5:41  Hydralisk Den  
  35  5:47  Drone x3  
  38  5:53  Drone x3  
  41  5:58  Overlord x3  
  41  5:59  Overlord x2  
  41  6:13  Drone x2  
  41  6:14  Drone  
  41  6:16  Drone  
  45  6:19  Drone  
  45  6:23  Drone  
  47  6:26  Drone  
  47  6:29  Drone  
  49  6:35  Overseer  
  49  6:48  Mutalisk  
  49  6:49  Mutalisk x2  
  49  6:52  Mutalisk  
  57  6:59  Drone x3  
  60  7:15  Mutalisk x2  
  62  7:16  Mutalisk  
  66  7:26  Spine Crawler  
  66  7:28  Spine Crawler  
  64  7:31  Drone x2, Spine Crawler  
Show
View Real Time Build Order
Export as new Build Order

Infamous Protoss - Winner!

Build Orders: 1 Gate Expand 

Get SALT Encoding   

  12  0:01  Probe  
  13  0:14  Probe  
  14  0:25  Pylon  
  14  0:27  Probe  
  15  0:43  Probe (Chrono Boost)  
  15  0:45  Gateway  
  16  0:55  Probe (Chrono Boost)  
  17  1:03  Assimilator  
  17  1:05  Probe  
  18  1:18  Probe  
  19  1:30  Probe  
  20  1:37  Nexus  
  20  1:42  Probe (Chrono Boost)  
  21  1:48  Pylon  
  22  1:54  Probe (Chrono Boost)  
  22  2:02  Cybernetics Core  
  22  2:08  Pylon  
  21  2:18  Zealot  
  21  2:20  Gateway  
  23  2:26  Pylon  
  23  2:28  Probe  
  24  2:37  Assimilator  
  24  2:40  Probe  
  25  2:50  Warp Gate (Chrono Boost)  
  25  2:51  Gateway  
  25  2:54  Probe (Chrono Boost)  
  27  2:59  Probe (Chrono Boost)  
  27  3:03  Probe (Chrono Boost)  
  28  3:09  Probe (Chrono Boost)  
  28  3:10  Probe (Chrono Boost)  
  28  3:11  Pylon  
  30  3:18  Adept  
  34  3:20  Probe (Chrono Boost)  
  34  3:22  Probe (Chrono Boost)  
  34  3:33  Robotics Facility  
  34  3:36  Probe x2  
  36  3:48  Probe x2  
  38  3:52  Twilight Council  
  38  3:58  Adept  
  38  4:00  Probe x2  
  42  4:12  Probe  
  42  4:15  Probe  
  44  4:26  Observer  
  44  4:27  Gateway  
  44  4:29  Gateway  
  44  4:30  Probe x2, Gateway  
  47  4:31  Charge (Chrono Boost)  
  47  4:42  Probe  
  47  4:43  Probe  
  49  4:46  Assimilator  
  49  4:48  Immortal, Assimilator  
  53  4:55  Probe  
  53  4:57  Stalker  
  53  4:58  Adept  
  58  5:12  Stalker  
  60  5:15  Probe x2  
  62  5:35  Pylon  
  62  5:53  Pylon, Forge, Probe  
  63  5:59  Pylon  
  63  6:02  Pylon  
  63  6:03  Robotics Bay  
  63  6:04  Zealot x3  
  65  6:08  Probe, Immortal (Chrono Boost)  
  70  6:11  Probe  
  70  6:17  Zealot x2  
  70  6:18  Zealot  
  81  6:31  Stalker  
  81  6:32  Stalker x2  
  87  6:37  Probe x2  
  89  6:47  Stalker x2  
  89  6:53  Stalker  
  94  7:07  Pylon  
  94  7:11  Shield Battery  
  94  7:12  Photon Cannon  
  94  7:15  Shield Battery  
  94  7:17  Photon Cannon  
  94  7:25  Probe x2  
Tags
 
Add a new tag
Caveats
  • Supply blocks, unpowered buildings, or Contaminate may cause inaccurate times.
  • Supply counts are checked every 10 seconds.